Colorado Rockies vs Anaheim Ducks
(R2)
Created - Sunday, October 6, 2024 at 09:34
Goals
|
| Colorado Rockies |
0 |
2 |
2 |
4 |
| Anaheim Ducks |
0 |
1 |
2 |
3 |
|
Shots
|
| Colorado Rockies |
5 |
19 |
22 |
46 |
| Anaheim Ducks |
14 |
10 |
6 |
30 |
|
1st period
No Goal
Penalties :
Mark Scheifele (ANA) for Roughing (Minor) at 3:03, Ryan O'Reilly (COL) for Tripping (Minor) at 11:12, Brenden Dillon (ANA) for Fighting (Major) at 16:07, Nikita Zadorov (COL) for Fighting (Major) at 16:07
2nd period
1. Anaheim Ducks , Chandler Stephenson 9 (Nazem Kadri 22) at 1:32
2. Colorado Rockies , Nikita Kucherov 23 (Nikita Zadorov 6) at 5:16
3. Colorado Rockies , Kyle Connor 12 (Tim Stutzle 21, David Pastrnak 18) at 15:41
Penalties :
Vince Dunn (COL) for Holding (Minor) at 11:51
3rd period
4. Colorado Rockies , Martin Fehervary 2 (Tim Stutzle 22, David Pastrnak 19) at 10:22 (PP)
5. Anaheim Ducks , Max Domi 3 (Calle Jarnkrok 1, Esa Lindell 10) at 14:29
6. Anaheim Ducks , John Tavares 15 (William Nylander 25, Esa Lindell 11) at 15:39
7. Colorado Rockies , Kyle Connor 13 (Victor Hedman 5, David Pastrnak 20) at 16:47 (PP)
Penalties :
Nazem Kadri (ANA) for Roughing (Minor) at 1:11, Brenden Dillon (ANA) for Fighting (Major) at 5:31, Nikita Zadorov (COL) for Fighting (Major) at 5:31, Nikita Zadorov (COL) for instigated a fight (Minor) at 5:31, Nikita Zadorov (COL) for instigated a fight (10 Minutes Misconduct) at 5:31, Mark Scheifele (ANA) for Tripping (Minor) at 8:40, Chandler Stephenson (ANA) for Interference (Minor) at 15:50
Goalie Stats
Joey Daccord (COL), 27 saves from 30 shots - (0.900), W, 8-11-4, 60:00 minutes
Linus Ullmark (ANA), 42 saves from 46 shots - (0.913), L, 17-8-6, 59:29 minutes
Players Stats for Colorado Rockies
Player Name G A P +/- PIM S H SB GA TA FO MP PP MP PK MP
------------------------------------------------------------------------------------
David Pastrnak 0 3 3 -2 0 5 2 0 2 0 0/0 18:36 3:11 2:49
Evgeny Kuznetsov 0 0 0 0 0 1 0 0 0 0 0/0 9:02 0:00 0:00
Jesper Bratt 0 0 0 1 0 4 2 0 1 0 0/0 19:36 3:15 2:12
Kevin Hayes 0 0 0 0 0 1 1 0 1 0 0/2 9:12 0:08 0:00
Kyle Connor 2 0 2 -2 0 3 2 0 0 0 0/2 16:26 3:11 0:51
Kyle Palmieri 0 0 0 0 0 2 5 0 2 0 2/2 13:02 0:00 1:20
Martin Fehervary 1 0 1 0 0 2 3 1 0 1 0/0 22:17 3:01 2:55
Michael Bunting 0 0 0 0 0 3 0 0 0 0 0/0 11:37 0:00 0:00
Nick Bonino 0 0 0 0 0 1 0 0 0 0 0/0 9:15 0:11 0:00
Nick Schmaltz 0 0 0 0 0 6 1 0 0 0 6/13 11:43 0:06 0:00
Nikita Kucherov 1 0 1 1 0 5 0 0 1 0 1/3 19:53 3:18 2:19
Nikita Zadorov 0 1 1 2 22 0 0 2 0 0 0/0 14:51 2:18 2:02
Quinn Hughes 0 0 0 -2 0 3 1 1 0 2 0/0 26:23 3:43 3:09
Ryan O'Reilly 0 0 0 1 2 2 0 0 1 0 10/21 18:50 3:18 1:24
Tim Stutzle 0 2 2 -2 0 2 1 0 1 0 8/14 16:38 3:13 0:59
Timothy Liljegren 0 0 0 -1 0 1 1 3 0 1 0/0 14:59 0:00 0:39
Victor Hedman 0 1 1 0 0 4 1 1 0 0 0/0 24:22 3:36 2:57
Vince Dunn 0 0 0 -1 2 1 2 0 0 2 0/0 17:17 0:36 0:12
Players Stats for Anaheim Ducks
Player Name G A P +/- PIM S H SB GA TA FO MP PP MP PK MP
------------------------------------------------------------------------------------
Alex Killorn 0 0 0 1 0 0 1 1 1 0 1/1 17:04 2:55 2:41
Alexey Toropchenko 0 0 0 1 0 0 1 1 0 1 0/0 7:06 0:00 0:00
Brayden Schenn 0 0 0 -2 0 3 2 2 0 0 2/4 18:31 0:42 3:56
Brenden Dillon 0 0 0 0 10 0 2 3 0 1 0/0 12:25 0:00 2:13
Calle Jarnkrok 0 1 1 1 0 0 0 0 0 0 1/1 7:06 0:00 0:00
Chandler Stephenson 1 0 1 1 2 1 1 1 1 1 1/3 15:34 0:00 2:08
Esa Lindell 0 2 2 2 0 0 1 1 0 2 0/0 24:47 2:27 4:31
Ivan Provorov 0 0 0 -1 0 0 1 2 0 1 0/0 23:36 2:27 3:48
J.T. Compher 0 0 0 1 0 3 1 1 0 1 4/9 18:40 0:11 3:50
John Tavares 1 0 1 1 0 3 0 0 0 0 6/12 14:21 2:55 0:00
Josh Manson 0 0 0 0 0 2 1 2 0 0 0/0 12:58 0:00 0:00
Joshua Morrissey 0 0 0 2 0 2 1 2 1 0 0/0 21:48 3:30 0:00
Luke Evangelista 0 0 0 -2 0 0 1 0 0 0 1/1 15:09 2:26 0:00
Mark Scheifele 0 0 0 -2 4 2 1 1 0 0 3/6 17:42 2:51 0:00
Max Domi 1 0 1 1 0 3 1 0 2 1 2/2 9:04 0:11 0:33
Morgan Rielly 0 0 0 -1 0 2 2 4 0 1 0/0 23:58 3:30 2:42
Nazem Kadri 0 1 1 1 2 4 1 0 1 0 8/17 17:39 2:32 0:06
William Nylander 0 1 1 1 0 5 1 0 0 0 1/1 15:49 3:08 0:00
3 Stars
1 - Kyle Connor (COL)
2 - Esa Lindell (ANA)
3 - Martin Fehervary (COL)
Power Play
Colorado Rockies - 2 on 4 Attempt(s) - 50.00%
Anaheim Ducks - 0 on 3 Attempt(s) - 0.00%
Penalty Kill
Colorado Rockies - 3 on 3 Attempt(s) - 100.00%
- Score 0 goal in Penalty Kill
Anaheim Ducks - 2 on 4 Attempt(s) - 50.00%
- Score 0 goal in Penalty Kill
Team Stat
Colorado Rockies - Hits : 22 - Faceoff Wins : 27 - Blocked Shots : 8 - Penalty Minutes : 26
Anaheim Ducks - Hits : 19 - Faceoff Wins : 30 - Blocked Shots : 21 - Penalty Minutes : 18
Official
Referees : Marc Joannette and Jon Mcisaac
Linesman : Tyson Baker and Ryan Jackson
Game Notes
Nikita Zadorov beats up Brenden Dillon at 16:07 of 1st period
Nikita Zadorov beats up Brenden Dillon at 5:31 of 3rd period
Finance
Level 1 -- Attendance: 4754 (79.23%) -- Ticket Income $475,400
Level 2 -- Attendance: 3500 (70.00%) -- Ticket Income $210,000
Level 3 -- Attendance: 2100 (70.00%) -- Ticket Income $96,600
Level 4 -- Attendance: 3707 (74.14%) -- Ticket Income $92,675
Luxury Box -- Attendance: 700 (70.00%) -- Ticket Income $140,000
Game was played at the Honda Center.
Total Attendance: 14761 (73.81%)
Total Ticket Income: $1,014,675
Other Income: $355,136
Total Income: $1,369,811
Colorado Rockies
5 vs 5 Forward
Center Left Wing Right Wing Time % Phy DF OF
1 Ryan O'Reilly Jesper Bratt Nikita Kucherov 30 1 2 2
2 Tim Stutzle Kyle Connor David Pastrnak 30 1 2 2
3 Nick Schmaltz Kyle Palmieri Michael Bunting 25 1 2 2
4 Kevin Hayes Nick Bonino Evgeny Kuznetsov 15 1 2 2
5 vs 5 Defense
Defense Defense Time % Phy DF OF
1 Victor Hedman Quinn Hughes 35 1 2 2
2 Nikita Zadorov Martin Fehervary 35 1 2 2
3 Vince Dunn Timothy Liljegren 30 1 2 2
4 Victor Hedman Quinn Hughes 0 1 2 2
PowerPlay Forward
Center Left Wing Right Wing Time % Phy DF OF
1 Ryan O'Reilly Jesper Bratt Nikita Kucherov 50 1 2 2
2 Tim Stutzle Kyle Connor David Pastrnak 50 1 2 2
PowerPlay Defense
Defense Defense Time % Phy DF OF
1 Victor Hedman Quinn Hughes 50 1 2 2
2 Nikita Zadorov Martin Fehervary 50 1 2 2
Penalty Kill 4 Players Forward
Center Wing Time % Phy DF OF
1 Nikita Kucherov David Pastrnak 50 1 2 2
2 Ryan O'Reilly Jesper Bratt 50 1 2 2
Penalty Kill 4 Players Defense
Defense Defense Time % Phy DF OF
1 Victor Hedman Quinn Hughes 50 1 2 2
2 Nikita Zadorov Martin Fehervary 50 1 2 2
Penalty Kill - 3 Players Forward
Forward Time % Phy DF OF
1 Nikita Kucherov 50 1 2 2
2 David Pastrnak 50 1 2 2
Penalty Kill - 3 Players Defense
Defense Defense Time % Phy DF OF
1 Victor Hedman Quinn Hughes 50 1 2 2
2 Nikita Zadorov Martin Fehervary 50 1 2 2
4 vs 4 Forward
Center Wing Time % Phy DF OF
1 Nikita Kucherov David Pastrnak 50 1 2 2
2 Ryan O'Reilly Jesper Bratt 50 1 2 2
4 vs 4 Defense
Defense Defense Time % Phy DF OF
1 Victor Hedman Quinn Hughes 50 1 2 2
2 Nikita Zadorov Martin Fehervary 50 1 2 2
Last Minutes Offensive
Center Left Wing Right Wing Defense Defense
Ryan O'Reilly Jesper Bratt Nikita Kucherov Victor Hedman Quinn Hughes
Last Minutes Defensive
Center Left Wing Right Wing Defense Defense
Ryan O'Reilly Jesper Bratt Nikita Kucherov Victor Hedman Quinn Hughes
Goaltenders
Starting : Joey Daccord
Backup : Daniil Tarasov
Extra Forwards
Normal : Nick Bonino, Kevin Hayes, Kyle Palmieri - PP : Nick Bonino, Kevin Hayes - PK : Kyle Palmieri
Extra Defensemen
Normal : Vince Dunn, Timothy Liljegren, Nikita Zadorov - PP : Vince Dunn - PK : Timothy Liljegren, Nikita Zadorov
Penalty Shots
Nikita Kucherov, David Pastrnak, Ryan O'Reilly, Jesper Bratt, Tim Stutzle
Scratches
Andrew Peeke (Healthy), Jakub Vrana (Healthy)
Anaheim Ducks
5 vs 5 Forward
Center Left Wing Right Wing Time % Phy DF OF
1 John Tavares Alex Killorn William Nylander 33 1 2 2
2 Mark Scheifele Brayden Schenn Luke Evangelista 33 1 2 2
3 Nazem Kadri Chandler Stephenson J.T. Compher 33 1 1 3
4 Max Domi Calle Jarnkrok Alexey Toropchenko 1 1 2 2
5 vs 5 Defense
Defense Defense Time % Phy DF OF
1 Esa Lindell Joshua Morrissey 35 1 2 2
2 Morgan Rielly Ivan Provorov 35 1 2 2
3 Brenden Dillon Josh Manson 30 1 2 2
4 Esa Lindell Joshua Morrissey 0 1 2 2
PowerPlay Forward
Center Left Wing Right Wing Time % Phy DF OF
1 Nazem Kadri Mark Scheifele William Nylander 60 1 1 3
2 John Tavares Alex Killorn Luke Evangelista 40 1 1 3
PowerPlay Defense
Defense Defense Time % Phy DF OF
1 Morgan Rielly Joshua Morrissey 60 1 1 3
2 Esa Lindell Ivan Provorov 40 1 1 3
Penalty Kill 4 Players Forward
Center Wing Time % Phy DF OF
1 J.T. Compher Brayden Schenn 55 1 3 1
2 Chandler Stephenson Alex Killorn 45 1 3 1
Penalty Kill 4 Players Defense
Defense Defense Time % Phy DF OF
1 Esa Lindell Ivan Provorov 50 1 3 1
2 Morgan Rielly Brenden Dillon 50 1 3 1
Penalty Kill - 3 Players Forward
Forward Time % Phy DF OF
1 J.T. Compher 50 1 4 0
2 Chandler Stephenson 50 1 4 0
Penalty Kill - 3 Players Defense
Defense Defense Time % Phy DF OF
1 Esa Lindell Ivan Provorov 50 1 4 0
2 Morgan Rielly Brenden Dillon 50 1 4 0
4 vs 4 Forward
Center Wing Time % Phy DF OF
1 Nazem Kadri William Nylander 60 1 2 2
2 John Tavares Mark Scheifele 40 1 2 2
4 vs 4 Defense
Defense Defense Time % Phy DF OF
1 Esa Lindell Morgan Rielly 50 1 2 2
2 Ivan Provorov Joshua Morrissey 50 1 2 2
Last Minutes Offensive
Center Left Wing Right Wing Defense Defense
Nazem Kadri William Nylander Mark Scheifele Joshua Morrissey Morgan Rielly
Last Minutes Defensive
Center Left Wing Right Wing Defense Defense
Chandler Stephenson Alex Killorn J.T. Compher Ivan Provorov Esa Lindell
Goaltenders
Starting : Linus Ullmark
Backup : James Reimer
Extra Forwards
Normal : William Nylander, Mark Scheifele, Nazem Kadri - PP : William Nylander, Nazem Kadri - PK : J.T. Compher
Extra Defensemen
Normal : Esa Lindell, Brenden Dillon, Ivan Provorov - PP : Joshua Morrissey - PK : Esa Lindell, Ivan Provorov
Penalty Shots
Brenden Dillon, Mark Scheifele, Calle Jarnkrok, John Tavares, Alex Killorn
Scratches
Jakob Chychrun (Healthy), Alexandre Texier (Lower Body Injury), Mason Marchment (Left Leg Injury)
% Time on Ice - Colorado Rockies
Lines # - Real PCT - Wanted PCT - Time Play
Normal Forward
1 - 28% - 30% - 13:10
2 - 27% - 30% - 12:31
3 - 25% - 25% - 11:37
4 - 19% - 15% - 9:02
Normal Defense
1 - 36% - 35% - 16:40
2 - 35% - 35% - 16:26
3 - 29% - 30% - 13:14
4 - 0% - 0% - 0:00
PP Forward
1 - 51% - 50% - 3:21
2 - 49% - 50% - 3:16
PP Defense
1 - 54% - 50% - 3:36
2 - 46% - 50% - 3:01
PK Forward
1 - 52% - 50% - 3:04
2 - 48% - 50% - 2:53
PK Defense
1 - 46% - 50% - 2:45
2 - 54% - 50% - 3:12
PK3 Forward
1 - 0% - 50%
2 - 0% - 50%
PK3 Defense
1 - 0% - 50%
2 - 0% - 50%
44 Forward
1 - 0% - 50%
2 - 0% - 50%
44 Defense
1 - 0% - 50%
2 - 0% - 50%
Last Minute Offensive - 0:00
Last Minute Defensive - 1:06
Total
Forward - 60:00
Defense - 60:00
|
% Time on Ice - Anaheim Ducks
Lines # - Real PCT - Wanted PCT - Time Play
Normal Forward
1 - 29% - 33% - 13:14
2 - 27% - 33% - 12:32
3 - 29% - 33% - 13:27
4 - 15% - 1% - 7:06
Normal Defense
1 - 35% - 35% - 16:26
2 - 35% - 35% - 16:15
3 - 29% - 30% - 13:38
4 - 0% - 0% - 0:00
PP Forward
1 - 51% - 60% - 3:02
2 - 49% - 40% - 2:55
PP Defense
1 - 59% - 60% - 3:30
2 - 41% - 40% - 2:27
PK Forward
1 - 59% - 55% - 3:56
2 - 41% - 45% - 2:41
PK Defense
1 - 51% - 50% - 3:21
2 - 49% - 50% - 3:16
PK3 Forward
1 - 0% - 50%
2 - 0% - 50%
PK3 Defense
1 - 0% - 50%
2 - 0% - 50%
44 Forward
1 - 0% - 60%
2 - 0% - 40%
44 Defense
1 - 0% - 50%
2 - 0% - 50%
Last Minute Offensive - 1:07
Last Minute Defensive - 0:00
Total
Forward - 60:00
Defense - 60:00
|
Play-by-Play
1st period
0:01 of 1st period - Ryan O'Reilly wins face-off versus John Tavares in neutral zone.
0:10 of 1st period - Backhand shot by John Tavares.
0:10 of 1st period - Stopped by Joey Daccord with a rebound.
0:12 of 1st period - Wrist shot by Esa Lindell.
0:12 of 1st period - Deflect By William Nylander.
0:12 of 1st period - Stopped by Joey Daccord with a rebound.
0:14 of 1st period - Snap shot by John Tavares.
0:14 of 1st period - Shot Misses the Net.
0:16 of 1st period - Slapshot by Joshua Morrissey.
0:16 of 1st period - Stopped by Joey Daccord with a rebound.
0:26 of 1st period - Luke Evangelista is hit by Kyle Connor.
0:48 of 1st period - Wrist shot by Chandler Stephenson.
0:48 of 1st period - Shot Misses the Net.
0:50 of 1st period - Snap shot by Chandler Stephenson.
0:50 of 1st period - Deflect By Nazem Kadri.
0:50 of 1st period - Stopped by Joey Daccord without a rebound.
0:51 of 1st period - Nick Schmaltz wins face-off versus Nazem Kadri in Colorado Rockies zone.
0:56 of 1st period - Wrist shot by Nick Schmaltz.
0:56 of 1st period - Stopped by Linus Ullmark with a rebound.
0:58 of 1st period - Slapshot by Martin Fehervary.
0:58 of 1st period - Stopped by Linus Ullmark with a rebound.
1:15 of 1st period - Snap shot by Nick Schmaltz.
1:15 of 1st period - Shot Misses the Net.
1:29 of 1st period - Wrist shot by J.T. Compher.
1:29 of 1st period - Shot Blocked by Timothy Liljegren.
1:31 of 1st period - Wrist shot by J.T. Compher.
1:31 of 1st period - Stopped by Joey Daccord with a rebound.
1:33 of 1st period - Slapshot by Josh Manson.
1:33 of 1st period - Stopped by Joey Daccord without a rebound.
1:34 of 1st period - John Tavares wins face-off versus Kevin Hayes in Colorado Rockies zone.
2:01 of 1st period - Nikita Zadorov is hit by Brayden Schenn.
3:01 of 1st period - Wrist shot by Jesper Bratt.
3:01 of 1st period - Shot Misses the Net.
3:03 of 1st period - Minor Penalty to Mark Scheifele for Roughing.
3:04 of 1st period - Chandler Stephenson wins face-off versus Kyle Connor in Anaheim Ducks zone.
3:04 of 1st period - Chandler Stephenson is hit by Quinn Hughes.
5:03 of 1st period - Penalty to Mark Scheifele is over, Mark Scheifele is back on ice.
7:14 of 1st period - Josh Manson is hit by Kyle Palmieri and loses puck.
7:31 of 1st period - Brenden Dillon is hit by Tim Stutzle and loses puck.
7:46 of 1st period - Nikita Zadorov is hit by Alex Killorn and loses puck.
9:26 of 1st period - Ivan Provorov is hit by Nick Schmaltz and loses puck.
9:41 of 1st period - Wrist shot by David Pastrnak.
9:41 of 1st period - Deflect By William Nylander.
9:41 of 1st period - Shot Misses the Net.
9:41 of 1st period - Puck is out of play.
9:42 of 1st period - John Tavares wins face-off versus Tim Stutzle in Anaheim Ducks zone.
9:42 of 1st period - John Tavares is hit by David Pastrnak.
10:10 of 1st period - Slapshot by Kyle Connor.
10:10 of 1st period - Stopped by Linus Ullmark with a rebound.
11:05 of 1st period - Snap shot by William Nylander.
11:05 of 1st period - Stopped by Joey Daccord without a rebound.
11:06 of 1st period - Max Domi wins face-off versus Ryan O'Reilly in Colorado Rockies zone.
11:12 of 1st period - Minor Penalty to Ryan O'Reilly for Tripping.
11:13 of 1st period - Nazem Kadri wins face-off versus Nikita Kucherov in Colorado Rockies zone.
11:15 of 1st period - Wrist shot by Mark Scheifele.
11:15 of 1st period - Deflect By William Nylander.
11:15 of 1st period - Stopped by Joey Daccord with a rebound.
11:17 of 1st period - Wrist shot by Morgan Rielly.
11:17 of 1st period - Stopped by Joey Daccord with a rebound.
11:39 of 1st period - Joshua Morrissey is hit by Jesper Bratt and loses puck.
13:07 of 1st period - Nazem Kadri is hit by David Pastrnak and loses puck.
13:12 of 1st period - Penalty to Ryan O'Reilly is over, Ryan O'Reilly is back on ice.
13:18 of 1st period - Snap shot by William Nylander.
13:18 of 1st period - Stopped by Joey Daccord without a rebound.
13:19 of 1st period - Max Domi wins face-off versus Kevin Hayes in Colorado Rockies zone.
13:36 of 1st period - Josh Manson is hit by Kevin Hayes and loses puck.
13:43 of 1st period - Alexey Toropchenko is hit by Vince Dunn and loses puck.
13:52 of 1st period - Timothy Liljegren is hit by Max Domi and loses puck.
13:57 of 1st period - Wrist shot by Max Domi.
13:57 of 1st period - Stopped by Joey Daccord with a rebound.
14:12 of 1st period - Timothy Liljegren is hit by Brenden Dillon and loses puck.
14:33 of 1st period - Nick Bonino is hit by Alexey Toropchenko and loses puck.
15:07 of 1st period - Snap shot by Nick Bonino.
15:07 of 1st period - Shot Misses the Net.
15:09 of 1st period - Snap shot by Kevin Hayes.
15:09 of 1st period - Shot Misses the Net.
15:11 of 1st period - Snap shot by Evgeny Kuznetsov.
15:11 of 1st period - Shot Misses the Net.
15:13 of 1st period - Snap shot by Evgeny Kuznetsov.
15:13 of 1st period - Shot Blocked by Alexey Toropchenko.
15:15 of 1st period - Wrist shot by Nick Bonino.
15:15 of 1st period - Stopped by Linus Ullmark with a rebound.
15:17 of 1st period - Snap shot by Nikita Zadorov.
15:17 of 1st period - Shot Misses the Net.
15:56 of 1st period - Snap shot by Kevin Hayes.
15:56 of 1st period - Stopped by Linus Ullmark with a rebound.
16:06 of 1st period - Snap shot by Max Domi.
16:06 of 1st period - Stopped by Joey Daccord without a rebound.
16:07 of 1st period - Tim Stutzle wins face-off versus J.T. Compher in Colorado Rockies zone.
16:07 of 1st period - Nikita Zadorov beats up Brenden Dillon.
16:07 of 1st period - Penalty to Brenden Dillon for Fighting.
16:07 of 1st period - Penalty to Nikita Zadorov for Fighting.
16:08 of 1st period - Nazem Kadri wins face-off versus Tim Stutzle in Colorado Rockies zone.
16:25 of 1st period - Snap shot by Nazem Kadri.
16:25 of 1st period - Stopped by Joey Daccord with a rebound.
16:37 of 1st period - Backhand shot by Kyle Palmieri.
16:37 of 1st period - Shot Misses the Net.
17:01 of 1st period - Wrist shot by Mark Scheifele.
17:01 of 1st period - Stopped by Joey Daccord with a rebound.
18:13 of 1st period - Brayden Schenn is hit by Timothy Liljegren and loses puck.
19:15 of 1st period - Victor Hedman is hit by Josh Manson and loses puck.
Goals for this period are 0 for Colorado Rockies vs 0 for Anaheim Ducks.
Shots for this period are 5 for Colorado Rockies vs 14 for Anaheim Ducks.
2nd period
0:01 of 2nd period - Nazem Kadri wins face-off versus Nikita Kucherov in neutral zone.
0:18 of 2nd period - J.T. Compher is hit by Jesper Bratt and loses puck.
0:39 of 2nd period - Wrist shot by Brayden Schenn.
0:39 of 2nd period - Stopped by Joey Daccord without a rebound.
0:40 of 2nd period - John Tavares wins face-off versus Nick Schmaltz in Colorado Rockies zone.
1:04 of 2nd period - Icing by Brayden Schenn.
1:05 of 2nd period - Luke Evangelista wins face-off versus Tim Stutzle in Anaheim Ducks zone.
1:30 of 2nd period - Wrist shot by Nazem Kadri.
1:30 of 2nd period - Stopped by Joey Daccord with a rebound.
1:32 of 2nd period - Snap shot by Chandler Stephenson.
1:32 of 2nd period - Goal by Chandler Stephenson - Colorado Rockies : 0 - Anaheim Ducks : 1.
1:33 of 2nd period - Ryan O'Reilly wins face-off versus Nazem Kadri in neutral zone.
2:29 of 2nd period - Slapshot by Nick Schmaltz.
2:29 of 2nd period - Shot Blocked by Alex Killorn.
2:31 of 2nd period - Snap shot by Michael Bunting.
2:31 of 2nd period - Stopped by Linus Ullmark with a rebound.
2:33 of 2nd period - Slapshot by Quinn Hughes.
2:33 of 2nd period - Shot Misses the Net.
2:35 of 2nd period - Slapshot by Quinn Hughes.
2:35 of 2nd period - Deflect By Nick Schmaltz.
2:35 of 2nd period - Stopped by Linus Ullmark with a rebound.
3:29 of 2nd period - Nikita Zadorov is hit by Mark Scheifele and loses puck.
3:42 of 2nd period - Snap shot by Evgeny Kuznetsov.
3:42 of 2nd period - Stopped by Linus Ullmark with a rebound.
3:44 of 2nd period - Slapshot by Nick Bonino.
3:44 of 2nd period - Shot Blocked by Brenden Dillon.
3:46 of 2nd period - Snap shot by Evgeny Kuznetsov.
3:46 of 2nd period - Deflect By Brenden Dillon.
3:46 of 2nd period - Shot Blocked by Brenden Dillon.
3:46 of 2nd period - Puck is out of play.
3:47 of 2nd period - Ryan O'Reilly wins face-off versus Nazem Kadri in Anaheim Ducks zone.
4:40 of 2nd period - Snap shot by Nick Schmaltz.
4:40 of 2nd period - Stopped by Linus Ullmark without a rebound.
4:41 of 2nd period - Nick Schmaltz wins face-off versus Nazem Kadri in Anaheim Ducks zone.
4:56 of 2nd period - Snap shot by Nick Schmaltz.
4:56 of 2nd period - Stopped by Linus Ullmark with a rebound.
4:58 of 2nd period - Snap shot by Quinn Hughes.
4:58 of 2nd period - Shot Blocked by Chandler Stephenson.
5:00 of 2nd period - Wrist shot by Quinn Hughes.
5:00 of 2nd period - Stopped by Linus Ullmark without a rebound.
5:01 of 2nd period - Nikita Kucherov wins face-off versus Brayden Schenn in Anaheim Ducks zone.
5:02 of 2nd period - Snap shot by Jesper Bratt.
5:02 of 2nd period - Shot Blocked by Brayden Schenn.
5:16 of 2nd period - Slapshot by Nikita Kucherov.
5:16 of 2nd period - Goal by Nikita Kucherov - Colorado Rockies : 1 - Anaheim Ducks : 1.
5:17 of 2nd period - Ryan O'Reilly wins face-off versus Nazem Kadri in neutral zone.
5:44 of 2nd period - Victor Hedman is hit by Brayden Schenn and loses puck.
5:55 of 2nd period - Slapshot by Mark Scheifele.
5:55 of 2nd period - Shot Misses the Net.
6:36 of 2nd period - Wrist shot by Max Domi.
6:36 of 2nd period - Shot Misses the Net.
6:50 of 2nd period - Nikita Kucherov is hit by Nazem Kadri.
7:12 of 2nd period - Wrist shot by David Pastrnak.
7:12 of 2nd period - Stopped by Linus Ullmark with a rebound.
7:36 of 2nd period - Backhand shot by William Nylander.
7:36 of 2nd period - Shot Blocked by Timothy Liljegren.
7:58 of 2nd period - Snap shot by Jesper Bratt.
7:58 of 2nd period - Shot Misses the Net.
8:04 of 2nd period - Snap shot by Jesper Bratt.
8:04 of 2nd period - Stopped by Linus Ullmark without a rebound.
8:05 of 2nd period - Ryan O'Reilly wins face-off versus Nazem Kadri in Anaheim Ducks zone.
8:08 of 2nd period - Snap shot by Nikita Kucherov.
8:08 of 2nd period - Shot Misses the Net.
8:32 of 2nd period - Snap shot by Nikita Kucherov.
8:32 of 2nd period - Shot Misses the Net.
8:34 of 2nd period - Wrist shot by Ryan O'Reilly.
8:34 of 2nd period - Stopped by Linus Ullmark with a rebound.
9:30 of 2nd period - Wrist shot by Jesper Bratt.
9:30 of 2nd period - Stopped by Linus Ullmark with a rebound.
9:44 of 2nd period - Wrist shot by Ryan O'Reilly.
9:44 of 2nd period - Shot Blocked by Mark Scheifele.
9:50 of 2nd period - Nikita Kucherov is hit by Morgan Rielly and loses puck.
10:05 of 2nd period - Wrist shot by Brayden Schenn.
10:05 of 2nd period - Shot Blocked by Nikita Zadorov.
10:07 of 2nd period - Slapshot by Mark Scheifele.
10:07 of 2nd period - Shot Misses the Net.
10:09 of 2nd period - Snap shot by Morgan Rielly.
10:09 of 2nd period - Shot Blocked by Nikita Zadorov.
10:11 of 2nd period - Snap shot by Morgan Rielly.
10:11 of 2nd period - Deflect By Jesper Bratt.
10:11 of 2nd period - Stopped by Joey Daccord without a rebound.
10:12 of 2nd period - Alex Killorn wins face-off versus Tim Stutzle in Colorado Rockies zone.
11:25 of 2nd period - Snap shot by Nazem Kadri.
11:25 of 2nd period - Shot Misses the Net.
11:27 of 2nd period - Snap shot by J.T. Compher.
11:27 of 2nd period - Stopped by Joey Daccord with a rebound.
11:51 of 2nd period - Minor Penalty to Vince Dunn for Holding.
11:52 of 2nd period - Kyle Palmieri wins face-off versus John Tavares in Colorado Rockies zone.
13:37 of 2nd period - Martin Fehervary is hit by Joshua Morrissey and loses puck.
13:51 of 2nd period - Penalty to Vince Dunn is over, Vince Dunn is back on ice.
14:00 of 2nd period - Snap shot by Max Domi.
14:00 of 2nd period - Shot Misses the Net.
14:02 of 2nd period - Slapshot by Josh Manson.
14:02 of 2nd period - Stopped by Joey Daccord without a rebound.
14:03 of 2nd period - Nick Schmaltz wins face-off versus Chandler Stephenson in Colorado Rockies zone.
14:03 of 2nd period - Nick Schmaltz is hit by Chandler Stephenson.
14:15 of 2nd period - Slapshot by Nick Schmaltz.
14:15 of 2nd period - Shot Blocked by Brenden Dillon.
14:17 of 2nd period - Slapshot by Timothy Liljegren.
14:17 of 2nd period - Stopped by Linus Ullmark with a rebound.
14:19 of 2nd period - Snap shot by Michael Bunting.
14:19 of 2nd period - Shot Blocked by Josh Manson.
14:34 of 2nd period - Slapshot by Victor Hedman.
14:34 of 2nd period - Stopped by Linus Ullmark with a rebound.
15:00 of 2nd period - Slapshot by Brayden Schenn.
15:00 of 2nd period - Stopped by Joey Daccord without a rebound.
15:01 of 2nd period - Kyle Palmieri wins face-off versus John Tavares in Colorado Rockies zone.
15:10 of 2nd period - Joshua Morrissey is hit by Kyle Palmieri and loses puck.
15:15 of 2nd period - Snap shot by John Tavares.
15:15 of 2nd period - Shot Blocked by Martin Fehervary.
15:37 of 2nd period - Snap shot by Tim Stutzle.
15:37 of 2nd period - Shot Misses the Net.
15:39 of 2nd period - Wrist shot by Tim Stutzle.
15:39 of 2nd period - Shot Blocked by Esa Lindell.
15:41 of 2nd period - Snap shot by Kyle Connor.
15:41 of 2nd period - Goal by Kyle Connor - Colorado Rockies : 2 - Anaheim Ducks : 1.
15:42 of 2nd period - Tim Stutzle wins face-off versus John Tavares in neutral zone.
15:47 of 2nd period - Snap shot by David Pastrnak.
15:47 of 2nd period - Shot Blocked by Joshua Morrissey.
16:18 of 2nd period - Snap shot by David Pastrnak.
16:18 of 2nd period - Stopped by Linus Ullmark without a rebound.
16:19 of 2nd period - Ryan O'Reilly wins face-off versus Nazem Kadri in Anaheim Ducks zone.
16:54 of 2nd period - Snap shot by Kyle Palmieri.
16:54 of 2nd period - Deflect By Michael Bunting.
16:54 of 2nd period - Stopped by Linus Ullmark without a rebound.
16:55 of 2nd period - Tim Stutzle wins face-off versus Mark Scheifele in Anaheim Ducks zone.
17:45 of 2nd period - David Pastrnak is hit by J.T. Compher and loses puck.
17:54 of 2nd period - Esa Lindell is hit by Martin Fehervary and loses puck.
18:05 of 2nd period - Snap shot by Chandler Stephenson.
18:05 of 2nd period - Deflect By Nazem Kadri.
18:05 of 2nd period - Stopped by Joey Daccord without a rebound.
18:06 of 2nd period - William Nylander wins face-off versus Ryan O'Reilly in Colorado Rockies zone.
18:15 of 2nd period - Snap shot by John Tavares.
18:15 of 2nd period - Stopped by Joey Daccord without a rebound.
18:16 of 2nd period - John Tavares wins face-off versus Ryan O'Reilly in Colorado Rockies zone.
18:43 of 2nd period - Slapshot by William Nylander.
18:43 of 2nd period - Stopped by Joey Daccord without a rebound.
18:44 of 2nd period - Mark Scheifele wins face-off versus Nick Schmaltz in Colorado Rockies zone.
19:17 of 2nd period - Wrist shot by Kyle Palmieri.
19:17 of 2nd period - Shot Blocked by J.T. Compher.
19:31 of 2nd period - Slapshot by Quinn Hughes.
19:31 of 2nd period - Stopped by Linus Ullmark with a rebound.
19:33 of 2nd period - Slapshot by Quinn Hughes.
19:33 of 2nd period - Deflect By David Pastrnak.
19:33 of 2nd period - Shot Misses the Net.
19:33 of 2nd period - Puck is out of play.
19:34 of 2nd period - Tim Stutzle wins face-off versus John Tavares in Anaheim Ducks zone.
19:35 of 2nd period - Wrist shot by David Pastrnak.
19:35 of 2nd period - Stopped by Linus Ullmark with a rebound.
19:41 of 2nd period - Snap shot by David Pastrnak.
19:41 of 2nd period - Stopped by Linus Ullmark with a rebound.
19:43 of 2nd period - Snap shot by David Pastrnak.
19:43 of 2nd period - Shot Misses the Net.
Goals for this period are 2 for Colorado Rockies vs 1 for Anaheim Ducks.
Shots for this period are 19 for Colorado Rockies vs 10 for Anaheim Ducks.
3rd period
0:01 of 3rd period - Tim Stutzle wins face-off versus John Tavares in neutral zone.
0:36 of 3rd period - Timothy Liljegren is hit by Ivan Provorov and loses puck.
0:53 of 3rd period - Slapshot by J.T. Compher.
0:53 of 3rd period - Deflect By Nazem Kadri.
0:53 of 3rd period - Shot Blocked by Timothy Liljegren.
0:53 of 3rd period - Puck is out of play.
0:54 of 3rd period - Nazem Kadri wins face-off versus Nick Schmaltz in Colorado Rockies zone.
1:11 of 3rd period - Minor Penalty to Nazem Kadri for Roughing.
1:12 of 3rd period - J.T. Compher wins face-off versus Ryan O'Reilly in Anaheim Ducks zone.
1:24 of 3rd period - Off-side.
1:25 of 3rd period - Ryan O'Reilly wins face-off versus J.T. Compher in neutral zone.
1:32 of 3rd period - Wrist shot by Jesper Bratt.
1:32 of 3rd period - Stopped by Linus Ullmark with a rebound.
1:34 of 3rd period - Snap shot by Ryan O'Reilly.
1:34 of 3rd period - Stopped by Linus Ullmark without a rebound.
1:35 of 3rd period - Brayden Schenn wins face-off versus Ryan O'Reilly in Anaheim Ducks zone.
1:35 of 3rd period - Brayden Schenn is hit by Martin Fehervary.
1:59 of 3rd period - Wrist shot by Nikita Kucherov.
1:59 of 3rd period - Stopped by Linus Ullmark without a rebound.
2:00 of 3rd period - Tim Stutzle wins face-off versus J.T. Compher in Anaheim Ducks zone.
2:11 of 3rd period - Wrist shot by Tim Stutzle.
2:11 of 3rd period - Stopped by Linus Ullmark with a rebound.
2:13 of 3rd period - Slapshot by Victor Hedman.
2:13 of 3rd period - Stopped by Linus Ullmark with a rebound.
2:15 of 3rd period - Slapshot by Victor Hedman.
2:15 of 3rd period - Shot Blocked by Morgan Rielly.
2:17 of 3rd period - Wrist shot by Tim Stutzle.
2:17 of 3rd period - Shot Blocked by Morgan Rielly.
3:01 of 3rd period - Icing by Jesper Bratt.
3:02 of 3rd period - J.T. Compher wins face-off versus Ryan O'Reilly in Colorado Rockies zone.
3:03 of 3rd period - Snap shot by Brayden Schenn.
3:03 of 3rd period - Shot Misses the Net.
3:11 of 3rd period - Penalty to Nazem Kadri is over, Nazem Kadri is back on ice.
3:23 of 3rd period - Slapshot by Alex Killorn.
3:23 of 3rd period - Shot Misses the Net.
3:35 of 3rd period - Brenden Dillon is hit by Victor Hedman and loses puck.
5:03 of 3rd period - Joshua Morrissey is hit by Kyle Palmieri and loses puck.
5:28 of 3rd period - Wrist shot by Brayden Schenn.
5:28 of 3rd period - Stopped by Joey Daccord with a rebound.
5:30 of 3rd period - Snap shot by Mark Scheifele.
5:30 of 3rd period - Stopped by Joey Daccord without a rebound.
5:31 of 3rd period - Mark Scheifele wins face-off versus Ryan O'Reilly in Colorado Rockies zone.
5:31 of 3rd period - Nikita Zadorov beats up Brenden Dillon.
5:31 of 3rd period - Penalty to Brenden Dillon for Fighting.
5:31 of 3rd period - Penalty to Nikita Zadorov for Fighting.
5:31 of 3rd period - Penalty to Nikita Zadorov for instigated a fight.
5:31 of 3rd period - Penalty to Nikita Zadorov for instigated a fight.
5:32 of 3rd period - Nazem Kadri wins face-off versus Ryan O'Reilly in Colorado Rockies zone.
6:05 of 3rd period - Snap shot by John Tavares.
6:05 of 3rd period - Shot Blocked by Quinn Hughes.
7:31 of 3rd period - Penalty to Nikita Zadorov is over, Kyle Palmieri is send on ice.
7:35 of 3rd period - Wrist shot by Kyle Palmieri.
7:35 of 3rd period - Stopped by Linus Ullmark without a rebound.
7:36 of 3rd period - Nick Schmaltz wins face-off versus Brayden Schenn in Anaheim Ducks zone.
7:39 of 3rd period - Snap shot by Kyle Palmieri.
7:39 of 3rd period - Stopped by Linus Ullmark with a rebound.
7:41 of 3rd period - Wrist shot by Vince Dunn.
7:41 of 3rd period - Stopped by Linus Ullmark with a rebound.
7:46 of 3rd period - Icing by Morgan Rielly.
7:47 of 3rd period - Brayden Schenn wins face-off versus Nick Schmaltz in Anaheim Ducks zone.
8:06 of 3rd period - Snap shot by J.T. Compher.
8:06 of 3rd period - Stopped by Joey Daccord with a rebound.
8:08 of 3rd period - Snap shot by Brayden Schenn.
8:08 of 3rd period - Deflect By J.T. Compher.
8:08 of 3rd period - Shot Misses the Net.
8:08 of 3rd period - Puck is out of play.
8:09 of 3rd period - John Tavares wins face-off versus Ryan O'Reilly in Colorado Rockies zone.
8:24 of 3rd period - Snap shot by Nikita Kucherov.
8:24 of 3rd period - Shot Misses the Net.
8:26 of 3rd period - Wrist shot by Nikita Kucherov.
8:26 of 3rd period - Deflect By Jesper Bratt.
8:26 of 3rd period - Shot Blocked by Josh Manson.
8:26 of 3rd period - Puck is out of play.
8:27 of 3rd period - Mark Scheifele wins face-off versus Kyle Connor in Anaheim Ducks zone.
8:27 of 3rd period - Mark Scheifele is hit by Kyle Connor.
8:40 of 3rd period - Minor Penalty to Mark Scheifele for Tripping.
8:41 of 3rd period - J.T. Compher wins face-off versus Tim Stutzle in Anaheim Ducks zone.
9:19 of 3rd period - Snap shot by Jesper Bratt.
9:19 of 3rd period - Stopped by Linus Ullmark without a rebound.
9:20 of 3rd period - Ryan O'Reilly wins face-off versus J.T. Compher in Anaheim Ducks zone.
9:23 of 3rd period - Snap shot by Nikita Kucherov.
9:23 of 3rd period - Stopped by Linus Ullmark with a rebound.
10:18 of 3rd period - Slapshot by Tim Stutzle.
10:18 of 3rd period - Shot Blocked by Morgan Rielly.
10:20 of 3rd period - Snap shot by Tim Stutzle.
10:20 of 3rd period - Stopped by Linus Ullmark with a rebound.
10:22 of 3rd period - Slapshot by Martin Fehervary.
10:22 of 3rd period - Goal by Martin Fehervary - Colorado Rockies : 3 - Anaheim Ducks : 1.
10:23 of 3rd period - John Tavares wins face-off versus Tim Stutzle in neutral zone.
10:26 of 3rd period - Kyle Connor is hit by William Nylander and loses puck.
10:49 of 3rd period - Chandler Stephenson is hit by Martin Fehervary and loses puck.
10:58 of 3rd period - Snap shot by Nikita Kucherov.
10:58 of 3rd period - Stopped by Linus Ullmark without a rebound.
10:59 of 3rd period - Ryan O'Reilly wins face-off versus Mark Scheifele in Anaheim Ducks zone.
11:12 of 3rd period - Wrist shot by Brayden Schenn.
11:12 of 3rd period - Shot Blocked by Victor Hedman.
11:14 of 3rd period - Backhand shot by Morgan Rielly.
11:14 of 3rd period - Shot Misses the Net.
11:49 of 3rd period - Nick Schmaltz is hit by Brenden Dillon and loses puck.
13:35 of 3rd period - Evgeny Kuznetsov is hit by Luke Evangelista and loses puck.
13:54 of 3rd period - Off-side.
13:55 of 3rd period - Calle Jarnkrok wins face-off versus Ryan O'Reilly in neutral zone.
14:29 of 3rd period - Snap shot by Max Domi.
14:29 of 3rd period - Goal by Max Domi - Colorado Rockies : 3 - Anaheim Ducks : 2.
14:30 of 3rd period - Tim Stutzle wins face-off versus Mark Scheifele in neutral zone.
14:57 of 3rd period - Snap shot by Kyle Palmieri.
14:57 of 3rd period - Shot Misses the Net.
14:59 of 3rd period - Slapshot by Michael Bunting.
14:59 of 3rd period - Deflect By Nick Schmaltz.
14:59 of 3rd period - Stopped by Linus Ullmark with a rebound.
15:01 of 3rd period - Snap shot by Martin Fehervary.
15:01 of 3rd period - Deflect By Nick Schmaltz.
15:01 of 3rd period - Shot Blocked by Brayden Schenn.
15:01 of 3rd period - Puck is out of play.
15:02 of 3rd period - Nick Schmaltz wins face-off versus Chandler Stephenson in Anaheim Ducks zone.
15:07 of 3rd period - Wrist shot by Nick Schmaltz.
15:07 of 3rd period - Stopped by Linus Ullmark with a rebound.
15:29 of 3rd period - Snap shot by David Pastrnak.
15:29 of 3rd period - Shot Blocked by Joshua Morrissey.
15:39 of 3rd period - Wrist shot by John Tavares.
15:39 of 3rd period - Goal by John Tavares - Colorado Rockies : 3 - Anaheim Ducks : 3.
15:40 of 3rd period - Nazem Kadri wins face-off versus Nick Schmaltz in neutral zone.
15:42 of 3rd period - Timothy Liljegren is hit by Morgan Rielly and loses puck.
15:50 of 3rd period - Minor Penalty to Chandler Stephenson for Interference.
15:51 of 3rd period - Tim Stutzle wins face-off versus J.T. Compher in Anaheim Ducks zone.
16:35 of 3rd period - Wrist shot by David Pastrnak.
16:35 of 3rd period - Stopped by Linus Ullmark with a rebound.
16:37 of 3rd period - Snap shot by Victor Hedman.
16:37 of 3rd period - Shot Misses the Net.
16:39 of 3rd period - Wrist shot by Victor Hedman.
16:39 of 3rd period - Shot Blocked by Ivan Provorov.
16:41 of 3rd period - Snap shot by David Pastrnak.
16:41 of 3rd period - Shot Misses the Net.
16:43 of 3rd period - Slapshot by Victor Hedman.
16:43 of 3rd period - Stopped by Linus Ullmark with a rebound.
16:45 of 3rd period - Slapshot by Victor Hedman.
16:45 of 3rd period - Deflect By Brayden Schenn.
16:45 of 3rd period - Stopped by Linus Ullmark with a rebound.
16:47 of 3rd period - Wrist shot by Kyle Connor.
16:47 of 3rd period - Goal by Kyle Connor - Colorado Rockies : 4 - Anaheim Ducks : 3.
16:48 of 3rd period - J.T. Compher wins face-off versus Nick Schmaltz in neutral zone.
17:15 of 3rd period - Alex Killorn is hit by Vince Dunn.
17:27 of 3rd period - Snap shot by Nikita Kucherov.
17:27 of 3rd period - Shot Misses the Net.
17:47 of 3rd period - Slapshot by Quinn Hughes.
17:47 of 3rd period - Stopped by Linus Ullmark without a rebound.
17:48 of 3rd period - Nick Schmaltz wins face-off versus Nazem Kadri in Anaheim Ducks zone.
17:51 of 3rd period - Snap shot by Kyle Palmieri.
17:51 of 3rd period - Deflect By Michael Bunting.
17:51 of 3rd period - Stopped by Linus Ullmark without a rebound.
17:52 of 3rd period - Nazem Kadri wins face-off versus Nick Schmaltz in Anaheim Ducks zone.
17:52 of 3rd period - Nazem Kadri is hit by Kyle Palmieri.
18:02 of 3rd period - Nazem Kadri is hit by Kyle Palmieri and loses puck.
18:07 of 3rd period - Snap shot by Nick Schmaltz.
18:07 of 3rd period - Shot Blocked by Ivan Provorov.
18:31 of 3rd period - Icing by Victor Hedman.
18:32 of 3rd period - Ryan O'Reilly wins face-off versus Nazem Kadri in Colorado Rockies zone.
18:32 of 3rd period - Jesper Bratt is hit by Esa Lindell and loses puck.
19:09 of 3rd period - Wrist shot by Jesper Bratt.
19:09 of 3rd period - Shot Misses the Net.
19:11 of 3rd period - Snap shot by Jesper Bratt.
19:11 of 3rd period - Shot Misses the Net.
19:13 of 3rd period - Wrist shot by Nikita Kucherov.
19:13 of 3rd period - Stopped by Linus Ullmark without a rebound.
19:14 of 3rd period - Rick Tocchet call a timeout for Anaheim Ducks.
19:14 of 3rd period - Nazem Kadri wins face-off versus Ryan O'Reilly in Anaheim Ducks zone.
19:29 of 3rd period - Anaheim Ducks, Linus Ullmark is pulled from the net.
19:29 of 3rd period - Wrist shot by Joshua Morrissey.
19:29 of 3rd period - Stopped by Joey Daccord with a rebound.
19:31 of 3rd period - Wrist shot by Joshua Morrissey.
19:31 of 3rd period - Shot Misses the Net.
19:33 of 3rd period - Snap shot by Morgan Rielly.
19:33 of 3rd period - Shot Misses the Net.
19:49 of 3rd period - Wrist shot by Nikita Kucherov.
19:49 of 3rd period - Shot Blocked by Morgan Rielly.
Goals for this period are 2 for Colorado Rockies vs 2 for Anaheim Ducks.
Shots for this period are 22 for Colorado Rockies vs 6 for Anaheim Ducks.
Back to the Top